[ AOE2 MATCH · #495864673 ]
UnrankedGurjaras vs Goths
Player's team · LOSS
Rival team · WIN
[ REPLAY ANALYSIS · EXTRACTED FROM THE RECORDED GAME ]
Feudal
8:25
Castle
19:37
Imperial
39:14
| APM avg | 70.1 |
| APM peak | 120 |
| eAPM avg | 36.5 |
| Villagers / military | 226 / 169 |
Focus
⚔️ 48.4% · 🌾 51.6%
Archer ×66 · Hand Cannoneer ×56 · Monk ×12 · Chakram Thrower ×11 · Elephant Archer ×8 · Shrivamsha Rider ×8
Feudal
9:27
Castle
21:23
Imperial
38:27
| APM avg | 76.6 |
| APM peak | 126 |
| eAPM avg | 42.6 |
| Villagers / military | 171 / 166 |
Focus
⚔️ 37.6% · 🌾 62.4%
Huskarl ×103 · Skirmisher ×37 · Archer ×12 · Mangonel ×5 · Trebuchet (Packed) ×4 · Militia ×3
Match map
Initial resources + every placement click. Lines = walls · curves = elevation contours. ◆ gold · ⬟ stone · ● berries · ✦ relic · ◌ wall gap
Your base· Open — 6t gap
Quix's base· Open — 6t gap
Smoothed initial terrain · ◌ = detected wall gap · hover for details
Inputs per minute
— Arsenic - - Quix
Build order — Arsenic
First 150 of 640 actions detected
| 0:00 | Create | Villager (Male) |
| 0:00 | Create | Villager (Male) |
| 0:01 | Build | House |
| 0:02 | Build | House |
| 0:13 | Create | Villager (Male) |
| 0:13 | Create | Villager (Male) |
| 0:49 | Build | House |
| 0:50 | Build | Mill |
| 1:22 | Create | Villager (Male) |
| 1:22 | Create | Villager (Male) |
| 1:22 | Create | Villager (Male) |
| 1:49 | Create | Villager (Male) |
| 1:49 | Create | Villager (Male) |
| 2:15 | Create | Villager (Male) |
| 2:15 | Create | Villager (Male) |
| 2:39 | Create | Villager (Male) |
| 3:13 | Create | Villager (Male) |
| 3:14 | Create | Villager (Male) |
| 3:32 | Create | Villager (Male) |
| 3:32 | Create | Villager (Male) |
| 3:33 | Create | Villager (Male) |
| 4:08 | Create | Villager (Male) |
| 4:08 | Create | Villager (Male) |
| 4:15 | Create | Villager (Male) |
| 4:16 | Create | Villager (Male) |
| 4:26 | Create | Villager (Male) |
| 4:26 | Create | Villager (Male) |
| 4:50 | Create | Villager (Male) |
| 5:23 | Build | Lumber Camp |
| 6:06 | Research | Feudal Age |
| 6:07 | Research | Loom |
| 6:52 | Build | House |
| 7:33 | Build | Barracks |
| 8:25 | Age | Feudal Age |
| 8:37 | Create | Villager (Male) |
| 8:46 | Build | Archery Range |
| 8:49 | Build | Mining Camp |
| 8:53 | Research | Double-Bit Axe |
| 9:00 | Create | Villager (Male) |
| 9:02 | Create | Spearman |
| 9:21 | Create | Villager (Male) |
| 9:23 | Build | House |
| 9:29 | Create | Archer |
| 9:29 | Create | Archer |
| 9:38 | Build | House |
| 9:46 | Create | Villager (Male) |
| 9:58 | Create | Villager (Male) |
| 9:58 | Create | Archer |
| 10:10 | Build | Palisade Wall |
| 10:12 | Build | Palisade Wall |
| 10:13 | Build | Palisade Wall |
| 10:15 | Build | Palisade Wall |
| 10:20 | Create | Villager (Male) |
| 10:29 | Create | Villager (Male) |
| 10:53 | Create | Villager (Male) |
| 11:05 | Build | House |
| 11:06 | Create | Archer |
| 11:35 | Create | Archer |
| 11:39 | Build | House |
| 11:57 | Create | Villager (Male) |
| 12:00 | Build | House |
| 12:04 | Create | Archer |
| 12:13 | Build | House |
| 12:14 | Build | House |
| 12:15 | Build | Palisade Wall |
| 12:30 | Build | Palisade Wall |
| 12:34 | Build | Palisade Wall |
| 12:50 | Create | Villager (Male) |
| 12:50 | Create | Archer |
| 12:55 | Build | Farm |
| 13:03 | Build | Blacksmith |
| 13:11 | Create | Villager (Male) |
| 13:16 | Create | Archer |
| 13:26 | Build | Farm |
| 13:27 | Create | Villager (Male) |
| 13:41 | Create | Villager (Male) |
| 13:42 | Create | Archer |
| 14:06 | Create | Villager (Male) |
| 14:20 | Research | Fletching |
| 14:28 | Create | Archer |
| 14:39 | Create | Villager (Male) |
| 15:05 | Create | Villager (Male) |
| 15:23 | Create | Villager (Male) |
| 15:25 | Create | Archer |
| 15:47 | Build | Farm |
| 15:49 | Build | Farm |
| 15:52 | Build | Farm |
| 15:56 | Create | Villager (Male) |
| 16:01 | Create | Archer |
| 16:21 | Build | House |
| 16:22 | Build | House |
| 16:26 | Build | House |
| 16:30 | Build | House |
| 16:39 | Create | Archer |
| 16:57 | Research | Castle Age |
| 16:58 | Research | Castle Age |
| 16:58 | Research | Castle Age |
| 17:05 | Create | Archer |
| 17:22 | Build | Farm |
| 17:25 | Build | House |
| 17:32 | Build | Palisade Wall |
| 17:36 | Create | Archer |
| 17:40 | Build | Lumber Camp |
| 17:47 | Build | Palisade Wall |
| 17:54 | Create | Archer |
| 18:02 | Build | Farm |
| 18:03 | Build | Farm |
| 18:19 | Build | Farm |
| 18:38 | Build | Farm |
| 18:38 | Create | Villager (Male) |
| 18:47 | Create | Villager (Male) |
| 18:49 | Build | Farm |
| 18:51 | Create | Archer |
| 18:58 | Create | Archer |
| 19:24 | Create | Archer |
| 19:26 | Build | Archery Range |
| 19:28 | Build | Farm |
| 19:37 | Age | Castle Age |
| 19:41 | Research | Crossbowman (upgrade) |
| 19:52 | Research | Bodkin Arrow |
| 19:54 | Create | Archer |
| 20:10 | Create | Villager (Male) |
| 20:13 | Build | Farm |
| 20:14 | Create | Archer |
| 20:22 | Create | Villager (Male) |
| 20:26 | Build | Palisade Gate |
| 20:30 | Build | Siege Workshop |
| 20:36 | Create | Archer |
| 20:58 | Create | Archer |
| 20:58 | Create | Archer |
| 21:00 | Create | Villager (Male) |
| 21:19 | Create | Villager (Male) |
| 21:20 | Create | Mangonel |
| 21:22 | Create | Archer |
| 21:33 | Research | Horse Collar |
| 21:45 | Create | Archer |
| 21:46 | Create | Archer |
| 22:05 | Create | Villager (Male) |
| 22:17 | Build | Farm |
| 22:18 | Create | Villager (Male) |
| 22:19 | Create | Archer |
| 22:19 | Create | Archer |
| 22:42 | Create | Mangonel |
| 22:42 | Create | Mangonel |
| 22:43 | Create | Mangonel |
| 22:44 | Create | Villager (Male) |
| 23:01 | Create | Archer |
| 23:01 | Create | Archer |
| 23:07 | Research | Gold Mining |
| 23:14 | Create | Villager (Male) |
Build order — Quix
First 150 of 557 actions detected
| 0:00 | Create | Villager (Male) |
| 0:00 | Create | Villager (Male) |
| 0:02 | Build | House |
| 0:02 | Build | House |
| 0:09 | Create | Villager (Male) |
| 0:14 | Create | Villager (Male) |
| 0:14 | Create | Villager (Male) |
| 1:24 | Create | Villager (Male) |
| 1:48 | Build | Lumber Camp |
| 1:58 | Create | Villager (Male) |
| 2:15 | Create | Villager (Male) |
| 2:16 | Create | Villager (Male) |
| 2:43 | Create | Villager (Male) |
| 3:19 | Create | Villager (Male) |
| 3:33 | Create | Villager (Male) |
| 3:41 | Build | House |
| 3:49 | Build | House |
| 4:17 | Build | House |
| 4:20 | Create | Villager (Male) |
| 4:20 | Create | Villager (Male) |
| 4:24 | Research | Loom |
| 4:26 | Create | Villager (Male) |
| 4:33 | Build | Palisade Wall |
| 5:03 | Build | Barracks |
| 5:08 | Create | Villager (Male) |
| 5:08 | Create | Villager (Male) |
| 5:56 | Create | Villager (Male) |
| 6:06 | Build | Mill |
| 6:24 | Create | Villager (Male) |
| 6:34 | Create | Villager (Male) |
| 7:17 | Research | Feudal Age |
| 7:20 | Build | Mining Camp |
| 7:40 | Create | Militia |
| 7:40 | Create | Militia |
| 8:04 | Create | Militia |
| 8:21 | Build | House |
| 9:23 | Create | Villager (Male) |
| 9:27 | Age | Feudal Age |
| 9:28 | Research | Man-at-Arms (upgrade) |
| 9:28 | Research | Man-at-Arms (upgrade) |
| 9:32 | Build | Archery Range |
| 9:50 | Create | Villager (Male) |
| 9:57 | Create | Villager (Male) |
| 10:08 | Create | Villager (Male) |
| 10:26 | Create | Villager (Male) |
| 10:34 | Create | Archer |
| 10:46 | Build | Blacksmith |
| 10:51 | Build | House |
| 11:00 | Build | Palisade Wall |
| 11:03 | Create | Archer |
| 11:06 | Create | Villager (Male) |
| 11:11 | Build | House |
| 11:13 | Build | Palisade Wall |
| 11:34 | Create | Archer |
| 11:42 | Research | Forging |
| 11:42 | Research | Forging |
| 11:57 | Research | Fletching |
| 11:59 | Create | Villager (Male) |
| 11:59 | Create | Villager (Male) |
| 12:03 | Build | Farm |
| 12:07 | Research | Horse Collar |
| 12:09 | Build | Farm |
| 12:10 | Create | Skirmisher |
| 12:25 | Build | Farm |
| 12:43 | Create | Skirmisher |
| 12:45 | Create | Villager (Male) |
| 12:50 | Build | Farm |
| 13:01 | Create | Villager (Male) |
| 13:08 | Build | House |
| 13:11 | Build | Palisade Wall |
| 13:11 | Build | Palisade Wall |
| 13:12 | Build | Palisade Wall |
| 13:13 | Create | Archer |
| 13:17 | Research | Padded Archer Armor |
| 13:17 | Research | Padded Archer Armor |
| 13:22 | Build | Farm |
| 13:27 | Research | Double-Bit Axe |
| 13:27 | Research | Double-Bit Axe |
| 13:43 | Create | Villager (Male) |
| 13:45 | Build | Farm |
| 13:49 | Build | Farm |
| 13:55 | Create | Skirmisher |
| 14:03 | Build | Farm |
| 14:15 | Build | Farm |
| 14:21 | Create | Archer |
| 14:27 | Create | Villager (Male) |
| 14:32 | Create | Skirmisher |
| 14:41 | Build | Farm |
| 14:42 | Build | Farm |
| 14:45 | Create | Villager (Male) |
| 15:01 | Build | Farm |
| 15:11 | Create | Villager (Male) |
| 15:13 | Build | Farm |
| 15:20 | Create | Archer |
| 15:30 | Build | Farm |
| 15:37 | Build | Lumber Camp |
| 15:40 | Create | Archer |
| 15:42 | Create | Villager (Male) |
| 15:47 | Research | Padded Archer Armor |
| 15:56 | Build | Farm |
| 16:00 | Build | House |
| 16:03 | Create | Villager (Male) |
| 16:20 | Build | Farm |
| 16:28 | Create | Villager (Male) |
| 16:29 | Create | Archer |
| 16:36 | Build | House |
| 16:37 | Build | Palisade Wall |
| 16:51 | Create | Villager (Male) |
| 16:55 | Build | Farm |
| 17:00 | Research | Wheelbarrow |
| 17:05 | Create | Archer |
| 17:38 | Create | Archer |
| 17:44 | Build | House |
| 17:47 | Build | Palisade Wall |
| 18:11 | Build | Mining Camp |
| 18:37 | Create | Archer |
| 18:37 | Create | Archer |
| 18:43 | Research | Castle Age |
| 18:47 | Create | Skirmisher |
| 18:47 | Create | Skirmisher |
| 18:49 | Build | Stable |
| 19:00 | Build | House |
| 19:10 | Research | Padded Archer Armor |
| 19:17 | Build | House |
| 19:31 | Create | Skirmisher |
| 20:20 | Build | Mining Camp |
| 20:23 | Create | Skirmisher |
| 20:49 | Create | Skirmisher |
| 20:59 | Create | Skirmisher |
| 21:23 | Age | Castle Age |
| 21:26 | Build | Siege Workshop |
| 21:31 | Create | Villager (Male) |
| 21:37 | Build | Town Center |
| 21:49 | Create | Mangonel |
| 22:11 | Create | Villager (Male) |
| 22:12 | Create | Villager (Male) |
| 22:14 | Research | Bow Saw |
| 23:00 | Create | Villager (Male) |
| 23:19 | Research | Bodkin Arrow |
| 23:37 | Build | Town Center |
| 23:46 | Create | Villager (Male) |
| 23:46 | Create | Villager (Male) |
| 23:46 | Create | Villager (Male) |
| 24:37 | Create | Villager (Male) |
| 24:52 | Create | Villager (Male) |
| 24:53 | Create | Villager (Male) |
| 25:06 | Build | Farm |
| 25:21 | Create | Villager (Male) ×5 |
| 25:23 | Create | Mangonel |
| 25:23 | Create | Mangonel |
Match timeline
| 4:33 | Quix · wall_segment Palisade Wall x5 |
| 5:03 | Quix · first_building Barracks |
| 7:33 | Arsenic · first_building Barracks |
| 8:25 | Arsenic · age_up feudal |
| 8:46 | Arsenic · first_building Archery Range |
| 9:27 | Quix · age_up feudal |
| 9:32 | Quix · first_building Archery Range |
| 10:10 | Arsenic · wall_segment Palisade Wall x1 |
| 10:12 | Arsenic · wall_segment Palisade Wall x1 |
| 10:13 | Arsenic · wall_segment Palisade Wall x1 |
| 10:15 | Arsenic · wall_segment Palisade Wall x1 |
| 11:00 | Quix · wall_segment Palisade Wall x6 |
| 11:13 | Quix · wall_segment Palisade Wall x10 |
| 12:15 | Arsenic · wall_segment Palisade Wall x1 |
| 12:30 | Arsenic · wall_segment Palisade Wall x1 |
| 12:34 | Arsenic · wall_segment Palisade Wall x9 |
| 13:11 | Quix · wall_segment Palisade Wall x2 |
| 13:11 | Quix · wall_segment Palisade Wall x1 |
| 13:12 | Quix · wall_segment Palisade Wall x1 |
| 16:37 | Quix · wall_segment Palisade Wall x7 |
| 17:32 | Arsenic · wall_segment Palisade Wall x1 |
| 17:47 | Quix · wall_segment Palisade Wall x1 |
| 17:47 | Arsenic · wall_segment Palisade Wall x1 |
| 18:49 | Quix · first_building Stable |
| 19:37 | Arsenic · age_up castle |
| 20:30 | Arsenic · first_building Siege Workshop |
| 21:23 | Quix · age_up castle |
| 21:26 | Quix · first_building Siege Workshop |
| 23:59 | Arsenic · first_building Monastery |
| 26:36 | Quix · first_building Castle |
| 27:31 | Arsenic · first_building Stable |
| 34:04 | Arsenic · first_building Castle |
| 36:21 | Quix · first_market_buy 100 stone |
| 37:13 | Quix · wall_segment Palisade Wall x4 |
| 38:27 | Quix · age_up imperial |
| 39:14 | Arsenic · age_up imperial |
| 42:18 | Quix · first_market_sell 100 food |
| 42:59 | Quix · first_building Monastery |
| 43:31 | Arsenic · first_market_sell 100 food |
| 47:00 | Arsenic · resign |
[ AI ANALYSIS · 1 CREDIT ]
What really happened in this match?
Wolo.gg analyzes every decision: build order, eco, micro, common mistakes by bracket. Personalized analysis on WhatsApp or Discord in 30 seconds.
Civ guide
Gurjaras
Perfil
Jugador #2573480